 Dungeon Crawl Stone Soup version 0.31-a0-986-g5e6e4ef867 (console) character file.

Game seed: 6359963213841494220

964 jejorda2 the Chopper (level 8, -5/100 HPs)
             Began as a Gnoll Berserker on Nov 7, 2023.
             Was a Priest of Trog.
             Slain by a two-headed ogre
             ... wielding a +0 giant club
              (16 damage)
             ... on level 6 of the Dungeon.
             The game lasted 00:10:48 (4648 turns).

jejorda2 the Chopper (Gnoll Berserker)              Turns: 4648, Time: 00:10:48

Health: -5/100     AC: 10    Str: 18    XL:     8   Next: 15%
Magic:  12/12      EV: 12    Int:  5    God:    Trog [***...]
Gold:   32         SH:  0    Dex: 18    Spells: 13/13 levels left

rFire   + . .        a - +0 dire flail
rCold   . . .        (shield currently unavailable)
rNeg    . . .        v - +0 scale mail
rPois   .            o - +0 helmet
rElec   .            (no cloak)
rCorr   .            (no gloves)
SInv    .            s - +0 pair of boots
Will    .....        f - amulet of magic regeneration Stlth
                     i - ring of protection from fire
HPRegen 0.36/turn    j - +6 ring of dexterity
MPRegen 0.53/turn

%: no passive effects
@: berserking, very quick
A: fangs 1, strong nose, distributed training, dopey 1
a: Renounce Religion, Berserk, Trog's Hand


You were on level 6 of the Dungeon.
You worshipped Trog.
Trog was most pleased with you.
You visited 1 branch of the dungeon, and saw 6 of its levels.

You collected 230 gold pieces.
You spent 198 gold pieces at shops.

Inventory:

Hand Weapons
 a - a +0 dire flail (weapon)
 b - a +1 hand axe of freezing
Missiles
 d - 3 boomerangs
 e - 12 poisoned darts (quivered)
Armour
 o - a +0 helmet (worn)
 s - a +0 pair of boots (worn)
 v - a +0 scale mail (worn)
 y - a +0 buckler
Jewellery
 f - an amulet of magic regeneration (around neck)
 i - a ring of protection from fire (left hand)
 j - a +6 ring of dexterity (right hand)
Scrolls
 c - 5 scrolls of fog
 l - 2 scrolls of fear
 p - 3 scrolls of teleportation
Potions
 h - a potion of cancellation {unknown}
 k - 3 potions of curing
 m - 2 potions of haste
 r - 2 potions of heal wounds
 t - a potion of enlightenment
 u - 3 potions of attraction
 z - a potion of magic {unknown}
 A - a potion of resistance {unknown}
 B - a potion of brilliance {unknown}
 C - 2 potions of ambrosia
 D - a potion of might {unknown}


   Skills:
 + Level 7.3 Fighting
 + Level 3.1 Short Blades
 + Level 3.1 Long Blades
 + Level 7.3 Axes
 + Level 3.1 Maces & Flails
 + Level 3.1 Polearms
 + Level 3.1 Staves
 + Level 3.1 Ranged Weapons
 + Level 3.1 Throwing
 + Level 5.5 Armour
 + Level 5.5 Dodging
 + Level 3.1 Stealth
 + Level 3.1 Shields
 + Level 3.1 Unarmed Combat
 + Level 3.1 Spellcasting
 + Level 2.5 Conjurations
 + Level 2.5 Hexes
 + Level 2.5 Summonings
 + Level 2.5 Necromancy
 + Level 2.5 Translocations
 + Level 2.5 Transmutations
 + Level 2.5 Fire Magic
 + Level 2.5 Ice Magic
 + Level 2.5 Air Magic
 + Level 2.5 Earth Magic
 + Level 2.5 Poison Magic
 + Level 3.4 Invocations
 + Level 3.1 Evocations
 + Level 2.8 Shapeshifting


You had 13 spell levels left.
You didn't know any spells.
Your spell library was empty.

Dungeon Overview and Level Annotations

Branches:
Dungeon (6/15)
 Temple: D:4-7

Altars:
Gozag
Kikubaaqudgha
Okawaru
Xom

Shops:
D:4 (*?![


Innate Abilities, Weirdness & Mutations

You have very sharp teeth.
Your uncanny sense of smell can sniff out nearby items.
Your experience applies equally to all skills.
You are dopey. (Int -2)


Message History

There is a stone staircase leading up here.
As you read the scroll labelled TUNO HIAWOA, it crumbles to dust.
The air around you briefly surges with heat, but it dissipates.
It was a scroll of immolation.
As you read the scroll labelled KECOOV VOOKK, it crumbles to dust.
You hear a loud clanging noise!
It was a scroll of noise.
You hear two shouts!
You hear an angry hiss. x2
As you read the scroll labelled PIDWUEN TINYUHAMO, it crumbles to dust.
A profound silence engulfs you.
It was a scroll of silence.
You climb upwards.
There is a stone staircase leading down here.
You start waiting.
Your hearing returns.
You climb downwards.
There is a stone staircase leading up here.
A two-headed ogre comes into view.
It is wielding a +0 giant club and a +0 giant spiked club.
Found a scroll labelled REUSUALONO and 6 stones.
The two-headed ogre shouts in stereo!
A red film seems to cover your vision as you go berserk!
You feel yourself moving faster!
You feel mighty!
You barely miss the two-headed ogre.
The two-headed ogre hits you with a +0 giant club!!
The two-headed ogre hits you with a +0 giant spiked club!!
You hit the two-headed ogre.
The two-headed ogre is lightly wounded.
You bludgeon the two-headed ogre!!
The two-headed ogre is heavily wounded.
The two-headed ogre hits you with a +0 giant club!
The two-headed ogre hits you with a +0 giant spiked club!
* * * LOW HITPOINT WARNING * * *
You puncture the two-headed ogre!
The two-headed ogre is severely wounded.
A sleepcap comes into view.
You barely miss the two-headed ogre.
The two-headed ogre is severely wounded.
The two-headed ogre hits you with a +0 giant club!
* * * LOW HITPOINT WARNING * * *
The two-headed ogre hits you with a +0 giant spiked club!
You die...

..# ∆ . ..## (# ..#
## #f #.# #. ...#
#.# .. ###.....###[#
.# #.. #......## .##
#O# ##.##..§##§§.
#@# #..§§§§§. #<#
####§§§§. ..#####.#
# #§§§§§. ......#.#
###.....§.§..#
#...##.....(...§.§..
##..#......#.##§.##.
#.###...........
...# #
#............## ##.#
....#...##.##.# ...


You could see a two-headed ogre and a sleepcap.

Vanquished Creatures
  A water moccasin (D:6)
  An ogre (D:5)
  A phantom (D:5)
  Blork the orc (D:4)
  3 scorpions (D:4)
  3 hounds (D:5)
  A jelly (D:4)
  3 orc priests (D:4)
  3 orc wizards
  Robin (D:4)
  8 adders
  2 worms (D:4)
  2 dart slugs
  11 orcs
  5 ball pythons
  10 endoplasms
  A giant cockroach (D:3)
  13 goblins
  10 hobgoblins
  2 jackals (D:2)
  10 kobolds
  A quokka (D:3)
  3 bats
  4 frilled lizards
  4 rats
104 creatures vanquished.

Notes
Turn   | Place    | Note
-------+----------+-------------------------------------------
     0 | D:1      | jejorda2 the Gnoll Berserker began the quest for the Orb.
     0 | D:1      | Reached XP level 1. HP: 23/23 MP: 1/1
   205 | D:1      | Reached XP level 2. HP: 29/29 MP: 2/2
  1094 | D:2      | Reached XP level 3. HP: 35/35 MP: 2/4
  1097 | D:2      | Reached skill level 1 in Invocations
  1216 | D:2      | Gained mutation: You are dopey. (Int -2) [potion of
                  | mutation]
  1216 | D:2      | HP: 1/35 [adder (2)]
  1220 | D:2      | Reached skill level 1 in Short Blades
  1220 | D:2      | Reached skill level 1 in Long Blades
  1220 | D:2      | Reached skill level 1 in Maces & Flails
  1220 | D:2      | Reached skill level 1 in Polearms
  1220 | D:2      | Reached skill level 1 in Staves
  1220 | D:2      | Reached skill level 1 in Ranged Weapons
  1220 | D:2      | Reached skill level 1 in Throwing
  1220 | D:2      | Reached skill level 1 in Stealth
  1220 | D:2      | Reached skill level 1 in Shields
  1220 | D:2      | Reached skill level 1 in Unarmed Combat
  1220 | D:2      | Reached skill level 1 in Spellcasting
  1220 | D:2      | Reached skill level 1 in Evocations
  1556 | D:2      | Reached ** piety under Trog
  1557 | D:2      | Reached XP level 4. HP: 39/41 MP: 5/5
  1559 | D:2      | Reached skill level 1 in Shapeshifting
  2019 | D:3      | Reached skill level 1 in Conjurations
  2019 | D:3      | Reached skill level 1 in Hexes
  2019 | D:3      | Reached skill level 1 in Summonings
  2019 | D:3      | Reached skill level 1 in Necromancy
  2019 | D:3      | Reached skill level 1 in Translocations
  2019 | D:3      | Reached skill level 1 in Transmutations
  2019 | D:3      | Reached skill level 1 in Fire Magic
  2019 | D:3      | Reached skill level 1 in Ice Magic
  2019 | D:3      | Reached skill level 1 in Air Magic
  2019 | D:3      | Reached skill level 1 in Earth Magic
  2019 | D:3      | Reached skill level 1 in Poison Magic
  2603 | D:4      | Noticed Robin
  2692 | D:4      | Found Biohyxt's Distillery.
  2696 | D:4      | Bought a potion of curing for 30 gold pieces
  2696 | D:4      | Bought a potion of enlightenment for 50 gold pieces
  2706 | D:4      | Found Anufun's Magic Scroll Emporium.
  2725 | D:4      | Bought a scroll of fear for 52 gold pieces
  2731 | D:4      | Found Kiniahifo's Assorted Antiques.
  2731 | D:4      | Noticed Blork the orc
  2751 | D:4      | Killed Blork the orc
  2752 | D:4      | Reached XP level 5. HP: 25/47 MP: 5/7
  3025 | D:4      | Reached XP level 6. HP: 53/53 MP: 8/8
  3043 | D:4      | Found an ancient bone altar of Kikubaaqudgha.
  3044 | D:4      | Found an iron altar of Okawaru.
  3073 | D:4      | Reached skill level 5 in Armour
  3073 | D:4      | Reached skill level 5 in Dodging
  3278 | D:4      | Found a shimmering altar of Xom.
  3283 | D:4      | Found an opulent altar of Gozag.
  3316 | D:4      | Found Minyshri's Antique Weapon Shop.
  3402 | D:4      | Reached XP level 7. HP: 59/59 MP: 10/10
  3424 | D:4      | Killed Robin
  3435 | D:4      | Reached *** piety under Trog
  3588 | D:4      | Found Egenuat's Armour Shoppe.
  3628 | D:4      | Bought a scroll labelled PIDWUEN TINYUHAMO for 24 gold
                  | pieces
  3628 | D:4      | Bought a fuming green potion for 21 gold pieces
  3628 | D:4      | Bought a fuming white potion for 21 gold pieces
  3790 | D:5      | Entered Level 5 of the Dungeon
  4412 | D:6      | Reached XP level 8. HP: 45/67 MP: 12/12
  4421 | D:6      | HP: 3/67 [orc/+1 hand axe of freezing (4)]
  4421 | D:6      | HP: 1/67 [orc/+1 hand axe of freezing (2)]
  4642 | D:6      | Noticed a two-headed ogre
  4648 | D:6      | Slain by a two-headed ogre

Illustrated notes

Levels and vault maps discovered:
D:1:      dpeg_arrival_erosion, layout_loops_corners
D:2:      layout_rooms, hangedman_decor_points, minmay_misc_feat_tower,
          kennysheep_generic_room_7
D:3:      layout_basic, minmay_misc_feat_four_crosses, grunt_decor_cap,
          kennysheep_nub
D:4:      nicolae_cairo_tiling_large_dashed, layout_cave_pools,
          nicolae_overflow_macrodata_refinement, serial_shops,
          nicolae_shop_advertising_works [nicolae_subvault_shop_adworks],
          nicolae_shop_hallway_stairs, nicolae_shop_window_shopping,
          kennysheep_mini, shop, uniq_robin, uniq_blork_the_orc
D:5:      layout_basic
D:6:      layout_rooms, zin_scriptorium, minmay_temple_entry_overgrown

Skill      XL: |  1  2  3  4  5  6  7 |
---------------+----------------------+-----
Invocations    | 1 2 3 |  3.4
Short Blades   | 1 2 3 |  3.1
Long Blades    | 1 2 3 |  3.1
Maces & Flails | 1 2 3 |  3.1
Polearms       | 1 2 3 |  3.1
Staves         | 1 2 3 |  3.1
Ranged Weapons | 1 2 3 |  3.1
Throwing       | 1 2 3 |  3.1
Stealth        | 1 2 3 |  3.1
Shields        | 1 2 3 |  3.1
Unarmed Combat | 1 2 3 |  3.1
Spellcasting   | 1 2 3 |  3.1
Evocations     | 1 2 3 |  3.1
Shapeshifting  | 1 2 |  2.8
Conjurations   | 1 2 |  2.5
Hexes          | 1 2 |  2.5
Summonings     | 1 2 |  2.5
Necromancy     | 1 2 |  2.5
Translocations | 1 2 |  2.5
Transmutations | 1 2 |  2.5
Fire Magic     | 1 2 |  2.5
Ice Magic      | 1 2 |  2.5
Air Magic      | 1 2 |  2.5
Earth Magic    | 1 2 |  2.5
Poison Magic   | 1 2 |  2.5
Armour         | 5 |  5.5
Dodging        | 5 |  5.5
Fighting       | 7 |  7.3
Axes           | 7 |  7.3

Action                     |  1- 3 |  4- 6 |  7- 9 || total
---------------------------+-------+-------+-------++-------
  Melee: Hand axe          |   102 |    86 |    75 ||   263
         Bite              |     9 |     9 |    13 ||    31
         Dire flail        |       |    32 |    54 ||    86
         Punch             |       |     1 |     1 ||     2
  Throw: Dart              |       |    13 |     5 ||    18
 Invoke: Berserk           |     2 |     2 |     4 ||     8
         Trog's Hand       |       |       |     1 ||     1
    Use: Potion            |     2 |       |     2 ||     4
         Scroll            |       |       |    10 ||    10
   Stab: Sleeping          |     4 |       |       ||     4
 Armour: Animal skin       |    48 |     4 |       ||    52
         Ring mail         |       |    36 |       ||    36
         Scale mail        |       |    15 |   105 ||   120
  Dodge: Dodged            |    72 |    70 |    69 ||   211

Table legend: (Time is in decaauts)
 A = Elapsed time spent in this place.
 B = Non-inter-level travel time spent in this place.
 C = Inter-level travel time spent in this place.
 D = Time resting spent in this place.
 E = Time spent auto-exploring this place.
 F = Levels seen in this place.
 G = Mean time per level.
                   A        B        C        D        E       F      G
               +--------+--------+--------+--------+--------+-----+--------+
         Total |   4703 |   4447 |    256 |    643 |   2936 |   6 |  783.8 |
       Dungeon |   4703 |   4447 |    256 |    643 |   2936 |   6 |  783.8 |
               +--------+--------+--------+--------+--------+-----+--------+

Top non-repeatable levels by time:
     D:4: 1231 daAuts
     D:3: 1038 daAuts
     D:1: 997 daAuts
     D:5: 694 daAuts
     D:2: 652 daAuts
     D:6: 88 daAuts
